 Dungeon Sprint DCSS version 0.29-a0-337-g68df138881 (webtiles) character file.

Game seed: 5071714774673372022

465396 mhtbhm the Swordmaster (level 20, -7/216 HPs)
             Began as a Minotaur Berserker on Apr 16, 2022.
             Was the Champion of the Shining One.
             Killed by an exploding ball lightning (34 damage)
             ... in the Dungeon (Sprint IX: "|||||||||||||||||||||||||||||").
             The game lasted 00:34:20 (20713 turns).

mhtbhm the Swordmaster (Minotaur Berserker)        Turns: 20713, Time: 00:34:21

Health: -7/216     AC: 46    Str: 34    XL:     20   Next: 26%
Magic:  15/36      EV: 18    Int:  4    God:    the Shining One [******]
Gold:   609        SH: 44    Dex: 13    Spells: 21/21 levels left

rFire   + + +      SeeInvis +   B - +8 double sword (holy)
rCold   + . .      Faith    +   c - +3 tower shield {reflect}
rNeg    + + +      Spirit   .   b - +10 gold dragon scales
rPois   +          Reflect  +   N - +2 hat
rElec   .          Harm     .   z - +1 cloak {Will+}
rCorr   .          Rampage  .   y - +0 pair of gloves {hurl}
Will    +++..      NoTele   +   F - +0 pair of boots of Guoxuod {SInv}
Stlth   ++........              v - amulet of faith
HPRegen 0.46/turn               t - +6 ring of strength
MPRegen 0.25/turn               K - ring "Maxkot" {Drain rF++ rN+ Will+ Stlth+}

@: divinely shielded, hasted, glowing, very quick
A: horns 2, retaliatory headbutt, deterioration 1, no potion heal 1, subdued
magic 1
}: 9/17 runes: decaying, serpentine, barnacled, slimy, elven, silver, golden,
abyssal, gossamer
a: Renounce Religion, Divine Shield, Cleansing Flame, Summon Divine Warrior


You were in the Dungeon.
You worshipped the Shining One.
The Shining One was exalted by your worship.
You visited 1 branch You collected 1942 gold pieces.
You spent 1333 gold pieces at shops.

Inventory:

Hand Weapons
 a - the +9 triple sword of Trog's Outrage {vorpal, rElec rF+}
   (Trog gifted it to you in the Dungeon)

   It inflicts extra damage upon your enemies.
   rF:        It protects you from fire.
   rElec:     It insulates you from electricity.
 B - a +8 double sword of holy wrath (weapon)
 M - the +5 triple sword of Greed {freeze, rElec rC+ rCorr}
   (You found it in the Dungeon)

   It freezes those it strikes, dealing additional cold damage.
   It can also slow down cold-blooded creatures.
   rC:        It protects you from cold.
   rElec:     It insulates you from electricity.
   rCorr:     It protects you from acid and corrosion.
Missiles
 C - 2 javelins (quivered)
 I - 2 silver javelins
Armour
 b - +10 gold dragon scales (worn)
 c - a +3 tower shield of reflection (worn)
 y - a +0 pair of gloves of hurling (worn)
 z - a +1 cloak of willpower (worn)
 F - the +0 pair of boots of Guoxuod (worn) {SInv}
   (You found it in the Dungeon)

   SInv:      It lets you see invisible.
 N - a +2 hat (worn)
Jewellery
 k - a ring of poison resistance
 l - a +3 ring of slaying
 m - a ring of protection from cold
 o - the ring "Kisommev" {rElec EV+4}
   (You bought it in a shop in the Dungeon)

   [ring of evasion]

   EV:        It affects your evasion (+4).
   rElec:     It insulates you from electricity.
 r - the amulet of Suspected Treachery {Spirit rN+ Str+3 Dex+4}
   (You found it in the Dungeon)

   [amulet of guardian spirit]

   It causes incoming damage to be divided between your reserves of health and
   magic.
   Str:       It affects your strength (+3).
   Dex:       It affects your dexterity (+4).
   rN:        It protects you from negative energy.
 t - a +6 ring of strength (left hand)
 u - the ring "Duesutt" {rPois rCorr}
   (You bought it in a shop in the Dungeon)

   [ring of resist corrosion]

   rPois:     It protects you from poison.
   rCorr:     It protects you from acid and corrosion.
 v - an amulet of faith (around neck)
 E - a ring of protection from fire
 K - the ring "Maxkot" (right hand) {Drain rF++ rN+ Will+ Stlth+}
   (You found it in the Dungeon)

   [ring of positive energy]

   rF:        It greatly protects you from fire.
   rN:        It protects you from negative energy.
   Drain:     It drains your maximum health when unequipped.
   Will:      It increases your willpower.
   Stlth:     It makes you more stealthy.
Wands
 j - a wand of iceblast (3)
 A - a wand of paralysis (5)
Scrolls
 d - 2 scrolls of silence
 n - 2 scrolls of amnesia
 p - 4 scrolls of fear
 q - 4 scrolls of fog
 G - 3 scrolls of immolation
 S - 2 scrolls of identify
Potions
 f - 7 potions of magic
 g - 5 potions of berserk rage
 h - 5 potions of curing
 i - a potion of invisibility
 x - 3 potions of brilliance
 O - 4 potions of heal wounds
 P - a potion of might
 Q - a potion of resistance
 R - 5 potions of haste
Miscellaneous
 e - the horn of Geryon
 s - a lightning rod (4/4)
 H - a phantom mirror


   Skills:
 O Level 27 Fighting
 - Level 1.2(16.7) Short Blades
 O Level 27 Long Blades
 - Level 1.3(1.9) Axes
 - Level 1.3(1.9) Maces & Flails
 - Level 1.3(1.9) Polearms
 - Level 1.2(1.8) Staves
 + Level 6.9(20.5) Slings
 - Level 1.1 Bows
 - Level 1.1 Crossbows
 O Level 27 Throwing
 O Level 27 Armour
 O Level 27 Dodging
 O Level 27 Stealth
 O Level 27 Shields
 - Level 1.1 Unarmed Combat
 - Level 1.1 Spellcasting
 O Level 27 Invocations
 O Level 27 Evocations


You had 21 spell levels left.
You didn't know any spells.
Your spell library was empty.

Dungeon Overview and Level Annotations

Branches:
Dungeon (1/1)

Altars:
Cheibriados
Dithmenos
Elyvilon
Fedhas
Gozag
Hepliaklqana
Kikubaaqudgha
Makhleb
Nemelex Xobeh
Okawaru
Qazlal
Ru
Sif Muna
Trog
Uskayaw
Vehumet
Wu Jian
Xom
Yredelemnul
Zin
The Shining One
Beogh
Jiyva
Lugonu

Shops:
D :(=(

Annotations:
D Asmodeus, Cerebov, Gloorx Vloq, Lom Lobon


Innate Abilities, Weirdness & Mutations

You have a pair of horns on your head.
You reflexively headbutt those who attack you in melee.
Your body sometimes deteriorates upon taking damage.
Potions are less effective at restoring your health.
Your spells are a little easier to cast, but a little less powerful.


Message History

The golden flame engulfs your angel.
Your angel completely resists.
Your angel is moderately wounded.
The golden flame engulfs Gloorx Vloq!!!!
Gloorx Vloq writhes in agony!
Gloorx Vloq is heavily wounded.
You are engulfed in freezing vapours.
You resist.
Something trumpets, "Quit lest death find thee!"
Gloorx Vloq gestures at you. The poison arrow hits your angel!!
Your angel partially resists.
Your angel looks as sick as possible!
Your angel hits Gloorx Vloq with a +2 whip of holy wrath!
Gloorx Vloq convulses.
Your angel hits Gloorx Vloq with a +2 whip of holy wrath!
Gloorx Vloq convulses.
Unknown command.
Unknown command.
Unknown command.
Okay, then.
Magic courses through your body.
You are engulfed in freezing vapours.
You resist.
Gloorx Vloq gestures.
Send 'em back where they came from!
The Shining One protects your fellow warrior from evil magic!
Lom Lobon gestures.
Your angel gestures.
Your angel is healed somewhat. 2 ball lightnings come into view.
Unknown command.
Unknown command.
Okay, then.
Blink to where?
Press: ? - help, Dir - move target
As you read the scroll of blinking, it crumbles to dust.
Unknown command.
Okay, then.
The ball lightning explodes!
The blast of lightning engulfs the ball lightning.
The ball lightning completely resists.
The blast of lightning engulfs you!!
You die...

.▓.▓.▓.♣.♣.▓.▓.▓.▓
)▓.▓)▓.♣.♣.▓.▓.▓.▓
'▓.▓.▓.♣.♣.▓.▓.▓.▓
)▓.▓.▓.▓'▓.▓.▓.▓.▓
)▓.▓.▓.▓)▓.▓.▓.▓.▓
.▓.▓'▓.▓)▓.▓'▓.▓.▓
)▓.▓.▓.▓)▓.▓.▓.▓.▓
.▓.▓'▓.▓)▓.▓.▓.▓.▓
.▓.▓.▓.▓)▓.▓.▓.▓@▓
)▓.▓'▓.▓)▓.▓.▓.▓.▓
'▓.▓.▓.▓.▓.▓.▓.▓.▓
.▓.▓'▓.▓.▓.▓.▓.▓*▓
)▓.▓.▓.▓.▓.▓.▓.▓.▓
)▓.▓.▓.▓)▓.▓.▓.▓.▓
)▓.▓[▓.▓.▓.▓.▓.▓.▓
.▓.▓.▓.▓.▓.▓'▓.▓.▓
.▓.▓.▓.▓.▓.▓.▓.▓.▓


You could see a ball lightning (wandering).

Vanquished Creatures
  the Royal Jelly (D)
  7 ancient liches (D)
  Mara (D)
  4 orbs of fire (D)
  5 royal mummies (D)
  Frederick (D)
  Xtahua (D)
  Saint Roka (D)
  3 curse toes (D)
  Geryon (D)
  2 golden dragons (D)
  Nikola (D)
  Jory (D)
  3 electric golems (D)
  4 tentacled monstrosities (D)
  5 acid blobs (D)
  2 deep elf blademasters (D)
  6 quicksilver dragons (D)
  3 liches (D)
  28 Orb Guardians (D)
  3 deep elf master archers (D)
  2 death cobs (D)
  12 sphinxes (D)
  8 shadow dragons (D)
  4 nagarajas (D)
  A draconian monk (D)
  3 storm dragons (D)
  Agnes (D)
  2 tengu reavers (D)
  Ilsuiw (D)
  Kirke (D)
  3 fenstrider witches (D)
  6 rockslimes (D)
  8 azure jellies (D)
  A deep elf sorcerer (D)
  2 draconian knights (D)
  4 emperor scorpions (D)
  A draconian scorcher (D)
  4 ghost moths (D)
  2 fire giants (D)
  4 vault wardens (D)
  4 frost giants (D)
  2 draconian stormcallers (D)
  A draconian shifter (D)
  6 very ugly things (D)
  6 quicksilver oozes (D)
  An ironbound preserver (D)
  A draconian annihilator (D)
  14 stone giants (D)
  2 ironbound thunderhulks (D)
  A deep elf demonologist (D)
  2 eleionomae (D)
  4 green draconians (D)
  2 white draconians (D)
  2 black draconians (D)
  Nessos (D)
  A lorocyproca (D)
  3 purple draconians (D)
  2 yellow draconians (D)
  A dire elephant (D)
  8 vampire knights (D)
  2 bunyips (D)
  A red draconian (D)
  3 deep elf annihilators (D)
  A blizzard demon (D)
  3 deep elf death magi (D)
  2 ettins (D)
  4 yaktaur captains (D)
  Josephine (D)
  3 merfolk javelineers (D)
  2 deep elf high priests (D)
  4 fire dragons (D)
  A rakshasa (D)
  4 merfolk impalers (D)
  25 vault guards (D)
  Erolcha (D)
  5 ice dragons (D)
  An ogre mage (D)
  3 great orbs of eyes (D)
  A boulder beetle (D)
  10 hydras (D)
  2 naga warriors (D)
  2 catoblepae (D)
  A jorogumo (D)
  A merfolk avatar (D)
  2 merfolk aquamancers (D)
  2 two-headed ogres (D)
  2 centaur warriors (D)
  A radroach (D)
  2 death yaks (D)
  2 deep troll earth magi (D)
  A deep troll shaman (D)
  A tengu warrior (D)
  Urug (D)
  A vampire mage (D)
  Nergalle (D)
  8 orc high priests (D)
  A spriggan berserker (D)
  A naga sharpshooter (D)
  A thrashing horror (D)
  3 pharaoh ants (D)
  An iron troll (D)
  3 sea snakes (D)
  A sun moth (D)
  A large abomination (D)
  A deep troll (D)
  A spriggan druid (D)
  3 swamp dragons (D)
  3 wizards (D)
  4 ironbound convokers (D)
  8 orc knights (D)
  2 glowing orange brains (D)
  2 deep elf pyromancers (D)
  A harpy (D)
  2 orc sorcerers (D)
  2 wolf spiders (D)
  A manticore (shapeshifter) (D)
  6 cyclopes (D)
  A will-o-the-wisp (D)
  A merfolk siren (D)
  A guardian serpent (D)
  8 black mambas (D)
  An apocalypse crab (D)
  8 moths of wrath (D)
  A vault sentinel (D)
  5 naga magi (D)
  A smoke demon (D)
  A tengu conjurer (D)
  4 komodo dragons (D)
  A freezing wraith (D)
  A rime drake (D)
  A demonic crawler (D)
  A komodo dragon (shapeshifter) (D)
  19 guardian mummies (D)
  3 merfolk (D)
  2 trolls (D)
  2 polar bears (D)
  2 slime creatures (D)
  A wandering mushroom (D)
  A hornet (D)
  A snapping turtle (D)
  A spriggan (shapeshifter) (D)
  A shadow (D)
  A water elemental (D)
  12 spriggans (D)
  A culicivora (D)
  7 yaks (D)
  6 wraiths (D)
  A basilisk (D)
  A chaos spawn (D)
  Eustachio (D)
  A hog (D)
  A small abomination (D)
  4 redbacks (D)
  A water moccasin (D)
  2 acid dragons (D)
  2 nagas (D)
  2 floating eyes (D)
  A swamp drake (D)
  13 orc warriors (D)
  4 black bears (D)
  6 ogres (D)
  3 bullfrogs (D)
  A scorpion (D)
  A howler monkey (D)
  3 orc priests (D)
  A gnoll shaman (D)
  4 orc wizards (D)
  10 orcs (D)
  An endoplasm (D)
  2 hobgoblins (D)
  A jackal (D)
  A quokka (D)
  A bat (D)
  A frilled lizard (D)
538 creatures vanquished.

Vanquished Creatures (collateral kills)
  Sojobo (D)
  A sphinx (D)
  A stone giant (D)
  A black draconian (D)
  2 mummy priests (D)
  A merfolk javelineer (D)
  A boulder beetle (D)
  A merfolk avatar (D)
  A spriggan air mage (D)
  A naga warrior (D)
  3 death yaks (D)
  An ugly thing (D)
  2 guardian mummies (D)
  A yak (D)
  A naga (D)
  An ogre (D)
20 creatures vanquished.

Vanquished Creatures (others)
  A yaktaur captain (D)
  A ball lightning (D)
  2 foxfires (D)
  A lurking horror (D)
5 creatures vanquished.

Grand Total: 563 creatures vanquished

Notes
Turn   | Place    | Note
-------+----------+-------------------------------------------
     0 | D        | mhtbhm the Minotaur Berserker began the quest for the Orb.
     0 | D        | Reached XP level 1. HP: 19/19 MP: 0/0
     9 | D        | Reached ** piety under Trog
    12 | D        | Reached skill level 5 in Long Blades
    85 | D        | Noticed a gnoll shaman
    85 | D        | Noticed a scorpion
    88 | D        | Killed a gnoll shaman
    89 | D        | Reached skill level 5 in Fighting
    89 | D        | Reached XP level 2. HP: 26/29 MP: 1/1
    89 | D        | Reached XP level 3. HP: 33/36 MP: 2/2
    91 | D        | Reached *** piety under Trog
    95 | D        | Killed a scorpion
    96 | D        | Reached XP level 4. HP: 41/45 MP: 3/3
   103 | D        | Found a snail-covered altar of Cheibriados.
   103 | D        | Found a shadowy altar of Dithmenos.
   103 | D        | Found a white marble altar of Elyvilon.
   103 | D        | Found a blossoming altar of Fedhas.
   103 | D        | Found an opulent altar of Gozag.
   104 | D        | Found a hazy altar of Hepliaklqana.
   105 | D        | Found a viscous altar of Jiyva.
   106 | D        | Found an ancient bone altar of Kikubaaqudgha.
   107 | D        | Found a corrupted altar of Lugonu.
   108 | D        | Found a burning altar of Makhleb.
   109 | D        | Found a sparkling altar of Nemelex Xobeh.
   110 | D        | Found an iron altar of Okawaru.
   111 | D        | Found a stormy altar of Qazlal.
   112 | D        | Found a sacrificial altar of Ru.
   113 | D        | Found a shimmering blue altar of Sif Muna.
   114 | D        | Found a bloodstained altar of Trog.
   115 | D        | Found a hide-covered altar of Uskayaw.
   116 | D        | Found a radiant altar of Vehumet.
   117 | D        | Found an ornate altar of the Wu Jian Council.
   118 | D        | Found a shimmering altar of Xom.
   119 | D        | Found a basalt altar of Yredelemnul.
   120 | D        | Found a glowing silver altar of Zin.
   121 | D        | Found a glowing golden altar of the Shining One.
   342 | D        | Noticed an orc warrior
   342 | D        | Noticed a two-headed ogre
   342 | D        | Noticed a yak
   342 | D        | Noticed a yak
   342 | D        | Noticed a shadow
   352 | D        | Killed a two-headed ogre
   352 | D        | Reached **** piety under Trog
   353 | D        | Reached skill level 5 in Dodging
   353 | D        | Reached skill level 1 in Stealth
   353 | D        | Reached XP level 5. HP: 50/61 MP: 4/4
   353 | D        | Reached XP level 6. HP: 56/68 MP: 5/5
   353 | D        | Reached XP level 7. HP: 61/74 MP: 6/6
   364 | D        | Killed a yak
   369 | D        | Killed a yak
   370 | D        | Reached XP level 8. HP: 29/85 MP: 7/7
   373 | D        | Reached ***** piety under Trog
   636 | D        | Noticed a boulder beetle
   636 | D        | Noticed a seven-headed hydra
   636 | D        | Noticed a cyclops
   643 | D        | Killed a boulder beetle
   645 | D        | Reached XP level 9. HP: 95/95 MP: 8/8
   648 | D        | Killed a four-headed hydra
   649 | D        | Reached skill level 10 in Armour
   659 | D        | Killed a cyclops
   659 | D        | Received a gift from Trog
   660 | D        | Reached skill level 15 in Fighting
   723 | D        | Noticed Erolcha
   731 | D        | Killed Erolcha
   845 | D        | Noticed a komodo dragon
   845 | D        | Noticed a black mamba
   845 | D        | Noticed a komodo dragon
   845 | D        | Noticed a komodo dragon
   852 | D        | Killed a komodo dragon
   853 | D        | Reached XP level 10. HP: 107/107 MP: 9/9
   853 | D        | Killed a black mamba
   859 | D        | Received a gift from Trog
   864 | D        | Reached ****** piety under Trog
   976 | D        | Noticed a black mamba
   981 | D        | Received a gift from Trog
   983 | D        | Noticed a black mamba
   994 | D        | Killed a black mamba
  1003 | D        | Killed a black mamba
  1190 | D        | Noticed a death yak
  1190 | D        | Noticed a death yak
  1190 | D        | Noticed a catoblepas
  1190 | D        | Noticed a catoblepas
  1190 | D        | Noticed a death yak
  1194 | D        | Killed a death yak
  1196 | D        | Killed a death yak
  1197 | D        | Reached XP level 11. HP: 118/118 MP: 10/10
  1240 | D        | Noticed a death yak
  1240 | D        | Noticed a death yak
  1247 | D        | Killed a catoblepas
  1260 | D        | Killed a catoblepas
  1274 | D        | Killed a death yak
  1274 | D        | Received a gift from Trog
  1275 | D        | Reached skill level 15 in Armour
  1275 | D        | Killed a death yak
  1276 | D        | Killed a death yak
  1665 | D        | Noticed Josephine
  1689 | D        | Killed Josephine
  1689 | D        | Received a gift from Trog
  2026 | D        | Noticed an orc knight
  2042 | D        | Killed an orc knight
  2061 | D        | Received a gift from Trog
  2160 | D        | Noticed an orc sorcerer
  2160 | D        | Noticed an orc sorcerer
  2168 | D        | Noticed an orc knight
  2170 | D        | Killed an orc sorcerer
  2172 | D        | Killed an orc sorcerer
  2174 | D        | Received a gift from Trog
  2186 | D        | Killed an orc knight
  2451 | D        | Found Aqutenn's Book Emporium.
  2451 | D        | Noticed an orc knight
  2451 | D        | Noticed an orc knight
  2451 | D        | Noticed an orc high priest
  2451 | D        | Noticed an orc high priest
  2451 | D        | Noticed an orc knight
  2452 | D        | Noticed an orc knight
  2457 | D        | Killed an orc knight
  2458 | D        | Reached XP level 12. HP: 130/130 MP: 11/11
  2461 | D        | Received a gift from Trog
  2465 | D        | Killed an orc high priest
  2469 | D        | Killed an orc high priest
  2475 | D        | Found Boloneme's Weapon Shoppe.
  2475 | D        | Noticed an orc high priest
  2485 | D        | Noticed an orc high priest
  2501 | D        | Killed an orc high priest
  2516 | D        | Noticed an orc high priest
  2521 | D        | Killed an orc high priest
  2525 | D        | Killed an orc high priest
  2525 | D        | Received a gift from Trog
  2526 | D        | Reached skill level 1 in Evocations
  2732 | D        | Noticed an orc high priest
  2740 | D        | Killed an orc high priest
  2839 | D        | Found Qudix's Jewellery Emporium.
  2843 | D        | Found Quan's Antique Weapon Shoppe.
  2848 | D        | Noticed an orc high priest
  2849 | D        | Noticed an orc high priest
  2855 | D        | Killed an orc high priest
  2860 | D        | Killed an orc high priest
  2879 | D        | Bought the ring "Kisommev" {rElec EV+4} for 550 gold pieces
  2879 | D        | Bought the ring "Duesutt" {rPois rCorr} for 343 gold pieces
  2879 | D        | Bought an amulet of faith for 440 gold pieces
  2948 | D        | Noticed Urug
  2957 | D        | Killed Urug
  3118 | D        | Received a gift from Trog
  3125 | D        | Noticed a boulder beetle
  3133 | D        | Noticed a spriggan air mage
  3134 | D        | Received a gift from Trog
  3135 | D        | Noticed a stone giant
  3137 | D        | Noticed a frost giant
  3144 | D        | Killed a boulder beetle
  3146 | D        | Killed a spriggan air mage
  3146 | D        | Received a gift from Trog
  3154 | D        | Noticed a rakshasa
  3162 | D        | Killed a stone giant
  3280 | D        | Killed a frost giant
  3281 | D        | Reached XP level 13. HP: 86/146 MP: 12/12
  3356 | D        | Received a gift from Trog
  3677 | D        | Noticed a lich
  3687 | D        | Killed a lich
  4005 | D        | Noticed Saint Roka
  4007 | D        | Received a gift from Trog
  4022 | D        | Killed Saint Roka
  4030 | D        | Received a gift from Trog
  4220 | D        | Noticed a merfolk impaler
  4231 | D        | Killed a merfolk impaler
  4242 | D        | Received a gift from Trog
  4331 | D        | Noticed a fenstrider witch
  4331 | D        | Noticed a bunyip
  4331 | D        | Noticed an eleionoma
  4331 | D        | Noticed a bunyip
  4331 | D        | Paralysed by a fenstrider witch for 7 turns
  4402 | D        | Noticed an emperor scorpion
  4410 | D        | Killed an emperor scorpion
  4410 | D        | Received a gift from Trog
  4509 | D        | Noticed an emperor scorpion
  4522 | D        | Killed an emperor scorpion
  4809 | D        | Paralysed by a fenstrider witch for 3 turns
  4815 | D        | Killed a fenstrider witch
  4823 | D        | Received a gift from Trog
  4842 | D        | Killed a bunyip
  4843 | D        | Reached skill level 10 in Dodging
  4868 | D        | Killed an eleionoma
  4890 | D        | Killed a bunyip
  4909 | D        | Noticed a fenstrider witch
  4916 | D        | Killed a fenstrider witch
  4917 | D        | Reached skill level 27 in Long Blades
  4959 | D        | Noticed an eleionoma
  4967 | D        | Killed an eleionoma
  4967 | D        | Received a gift from Trog
  5137 | D        | Reached XP level 14. HP: 165/165 MP: 13/13
  5137 | D        | Received a gift from Trog
  5422 | D        | Received a gift from Trog
  5434 | D        | Reached skill level 27 in Fighting
  5443 | D        | Identified the +5 bardiche "Onadoot" {vorpal, Stlth+} (Trog
                  | gifted it to you in the Dungeon)
  5443 | D        | Received a gift from Trog
  5636 | D        | Noticed Eustachio
  5653 | D        | Killed Eustachio
  5670 | D        | Noticed Nessos
  5689 | D        | Killed Nessos
  5689 | D        | Received a gift from Trog
  5782 | D        | Noticed a purple very ugly thing
  5782 | D        | Noticed a vampire knight
  5782 | D        | Noticed a frost giant
  5791 | D        | Killed a purple very ugly thing
  5802 | D        | Noticed a frost giant
  5807 | D        | Killed a frost giant
  5807 | D        | Received a gift from Trog
  5808 | D        | Noticed a green very ugly thing
  5812 | D        | Noticed a stone giant
  5815 | D        | Killed a vampire knight
  5817 | D        | Noticed a purple very ugly thing
  5820 | D        | Received a gift from Trog
  5822 | D        | Killed a frost giant
  5826 | D        | Noticed a lich
  5829 | D        | Killed a green very ugly thing
  5833 | D        | Killed a stone giant
  6143 | D        | Killed a purple very ugly thing
  6177 | D        | Killed a lich
  6177 | D        | Received a gift from Trog
  6307 | D        | Received a gift from Trog
  6308 | D        | Reached skill level 27 in Armour
  6595 | D        | Noticed a stone giant
  6603 | D        | Killed a stone giant
  6660 | D        | Noticed a green very ugly thing
  6660 | D        | Noticed an ironbound thunderhulk
  6660 | D        | Noticed an ironbound preserver
  6668 | D        | Killed a green very ugly thing
  6668 | D        | Received a gift from Trog
  6672 | D        | Reached skill level 5 in Shields
  6674 | D        | Noticed a vault warden
  6675 | D        | Killed an ironbound preserver
  6678 | D        | Killed an ironbound thunderhulk
  6679 | D        | Paralysed by a great orb of eyes for 3 turns
  6684 | D        | Identified the +9 triple sword of Trog's Outrage {vorpal,
                  | rElec rF+} (Trog gifted it to you in the Dungeon)
  6684 | D        | Received a gift from Trog
  6689 | D        | Reached skill level 10 in Shields
  6689 | D        | Reached skill level 5 in Evocations
  6694 | D        | Killed a vault warden
  6705 | D        | Identified the +10 demon blade "Bearuasu" {flame, rPois
                  | rF++} (Trog gifted it to you in the Dungeon)
  6705 | D        | Received a gift from Trog
  6707 | D        | Noticed a sphinx
  6707 | D        | Noticed Sojobo
  6715 | D        | Reached XP level 15. HP: 74/174 MP: 11/14
  6717 | D        | Paralysed by an air elemental for 1 turns
  6720 | D        | Paralysed by an air elemental for 1 turns
  6726 | D        | Paralysed by an air elemental for 1 turns
  6728 | D        | Paralysed by an air elemental for 1 turns
  6805 | D        | Killed Sojobo
  6806 | D        | Reached skill level 15 in Shields
  6807 | D        | Killed a sphinx
  6807 | D        | Received a gift from Trog
  7209 | D        | Reached skill level 1 in Throwing
  7221 | D        | Reached skill level 15 in Dodging
  7228 | D        | Identified the +7 demon blade of Wealth {flame, Will+}
                  | (Trog gifted it to you in the Dungeon)
  7228 | D        | Received a gift from Trog
  7290 | D        | Noticed a tengu reaver
  7291 | D        | Noticed a tengu reaver
  7303 | D        | Killed a tengu reaver
  7313 | D        | Killed a tengu reaver
  7313 | D        | Received a gift from Trog
  7719 | D        | Got the +0 pair of boots of Guoxuod {SInv}
  7894 | D        | Noticed an emperor scorpion
  7906 | D        | Killed an emperor scorpion
  7916 | D        | Received a gift from Trog
  7919 | D        | Noticed an emperor scorpion
  7930 | D        | Killed an emperor scorpion
  7942 | D        | Received a gift from Trog
  7949 | D        | Got a gossamer rune of Zot
  8134 | D        | Noticed a nagaraja
  8135 | D        | Noticed a nagaraja
  8138 | D        | Noticed a nagaraja
  8140 | D        | Received a gift from Trog
  8145 | D        | Killed a nagaraja
  8146 | D        | Noticed a nagaraja
  8156 | D        | Killed a nagaraja
  8161 | D        | Killed a nagaraja
  8168 | D        | Received a gift from Trog
  8176 | D        | Killed a nagaraja
  8182 | D        | Received a gift from Trog
  8479 | D        | Got a serpentine rune of Zot
  8562 | D        | Noticed a fenstrider witch
  8564 | D        | Received a gift from Trog
  8577 | D        | Killed a fenstrider witch
  8577 | D        | Received a gift from Trog
  8607 | D        | Received a gift from Trog
  8678 | D        | Got a decaying rune of Zot
  8688 | D        | Noticed Ilsuiw
  8709 | D        | Killed Ilsuiw
  8712 | D        | Received a gift from Trog
  8731 | D        | Received a gift from Trog
  8745 | D        | Reached skill level 27 in Shields
  8745 | D        | Reached XP level 16. HP: 58/183 MP: 15/15
  8752 | D        | Identified the +9 long sword "Uzecliqa" {vorpal, rElec
                  | Will++} (Trog gifted it to you in the Dungeon)
  8752 | D        | Received a gift from Trog
  8753 | D        | Reached skill level 5 in Throwing
  8766 | D        | Got a barnacled rune of Zot
  9252 | D        | Received a gift from Trog
  9273 | D        | Received a gift from Trog
  9318 | D        | Received a gift from Trog
  9325 | D        | Reached skill level 10 in Throwing
  9353 | D        | Received a gift from Trog
  9600 | D        | Received a gift from Trog
  9603 | D        | Received a gift from Trog
  9606 | D        | Identified the +3 great sword "Diusheku" {flame, Fly rElec
                  | rC+ Int-4 Dex-3} (Trog gifted it to you in the Dungeon)
  9606 | D        | Received a gift from Trog
  9612 | D        | Noticed a shadow dragon
  9613 | D        | Noticed a shadow dragon
  9626 | D        | Killed a shadow dragon
  9632 | D        | Identified the +2 helmet of Qukicoh {Rampage}
  9637 | D        | Killed a shadow dragon
  9637 | D        | Received a gift from Trog
  9640 | D        | Reached skill level 15 in Throwing
  9765 | D        | Noticed a shadow dragon
  9765 | D        | Noticed a shadow dragon
  9765 | D        | Noticed a shadow dragon
  9765 | D        | Noticed a shadow dragon
  9766 | D        | Noticed a tentacled monstrosity
  9769 | D        | Received a gift from Trog
  9773 | D        | Killed a tentacled monstrosity
  9775 | D        | Killed a shadow dragon
  9775 | D        | Killed a shadow dragon
  9776 | D        | Killed a shadow dragon
  9777 | D        | Noticed a shadow dragon
  9778 | D        | Identified the +9 mace of Mastery {vamp, rC++ Str+4}
  9782 | D        | Killed a shadow dragon
  9782 | D        | Received a gift from Trog
  9786 | D        | Noticed a royal mummy
  9786 | D        | Noticed a death cob
  9786 | D        | Noticed a royal mummy
 10190 | D        | Killed a shadow dragon
 10200 | D        | Killed a royal mummy
 10204 | D        | Killed a death cob
 10225 | D        | Killed a royal mummy
 10237 | D        | Received a gift from Trog
 10254 | D        | Got a silver rune of Zot
 10655 | D        | Noticed Frederick
 10672 | D        | Killed Frederick
 10673 | D        | Reached XP level 17. HP: 105/191 MP: 16/16
 10860 | D        | Noticed Xtahua
 10861 | D        | Noticed Nikola
 10879 | D        | Killed Xtahua
 10889 | D        | Killed Nikola
 10889 | D        | Received a gift from Trog
 11240 | D        | Noticed Nergalle
 11250 | D        | Killed Nergalle
 11287 | D        | Got the amulet of Suspected Treachery {Spirit rN+ Str+3
                  | Dex+4}
 11289 | D        | Got the ring "Muuf Nih" {Wiz Fly Will+ Str-4}
 11291 | D        | Got the ring "Maxkot" {Drain rF++ rN+ Will+ Stlth+}
 11293 | D        | Got the ring of Emal {rF+ rCorr Int+4 Slay-4 Stlth+}
 11302 | D        | Got the +5 triple sword of Greed {freeze, rElec rC+ rCorr}
 11469 | D        | Noticed Kirke
 11469 | D        | Noticed Jory
 11477 | D        | Killed Kirke
 11477 | D        | Received a gift from Trog
 11492 | D        | Killed Jory
 11521 | D        | Noticed Agnes
 11528 | D        | Killed Agnes
 11534 | D        | Noticed Mara
 11535 | D        | Noticed mhtbhm's illusion
 11555 | D        | Killed Mara
 11606 | D        | Received a gift from Trog
 11616 | D        | Received a gift from Trog
 11750 | D        | Received a gift from Trog
 11756 | D        | Received a gift from Trog
 11951 | D        | Noticed a golden dragon
 11951 | D        | Noticed a quicksilver dragon
 11954 | D        | Killed a quicksilver dragon
 11955 | D        | Received a gift from Trog
 11956 | D        | Killed a golden dragon
 11975 | D        | Noticed a tentacled monstrosity
 11979 | D        | Received a gift from Trog
 11979 | D        | Killed a tentacled monstrosity
 11980 | D        | Reached skill level 27 in Throwing
 11980 | D        | Reached skill level 27 in Dodging
 11980 | D        | Noticed a quicksilver dragon
 11982 | D        | Noticed a curse toe
 11988 | D        | Reached skill level 1 in Short Blades
 11988 | D        | Reached skill level 1 in Axes
 11988 | D        | Reached skill level 1 in Maces & Flails
 11988 | D        | Reached skill level 1 in Polearms
 11988 | D        | Reached skill level 1 in Staves
 11988 | D        | Reached skill level 1 in Slings
 11988 | D        | Reached skill level 1 in Bows
 11988 | D        | Reached skill level 1 in Crossbows
 11988 | D        | Reached skill level 1 in Unarmed Combat
 11988 | D        | Reached skill level 1 in Invocations
 11991 | D        | Killed a quicksilver dragon
 12002 | D        | HP: 13/286 [deathcap[a curse toe] (4)]
 12003 | D        | Killed a curse toe
 12003 | D        | Received a gift from Trog
 12004 | D        | Reached skill level 5 in Stealth
 13798 | D        | Fell from the grace of Trog
 13798 | D        | Became a worshipper of the Shining One
 15144 | D        | Noticed an electric golem
 15144 | D        | Reached * piety under the Shining One
 15147 | D        | Reached ** piety under the Shining One
 15150 | D        | Reached skill level 10 in Evocations
 15151 | D        | Killed an electric golem
 15724 | D        | Noticed a curse toe
 15724 | D        | Reached *** piety under the Shining One
 15724 | D        | Noticed a quicksilver dragon
 15724 | D        | Noticed a tentacled monstrosity
 15724 | D        | Reached **** piety under the Shining One
 15725 | D        | Noticed a tentacled monstrosity
 15726 | D        | Killed a quicksilver dragon
 15727 | D        | Killed a curse toe
 15727 | D        | Reached ***** piety under the Shining One
 15728 | D        | Reached skill level 10 in Stealth
 15731 | D        | Noticed a quicksilver dragon
 15731 | D        | Killed a tentacled monstrosity
 15732 | D        | Reached skill level 5 in Invocations
 15732 | D        | Killed a tentacled monstrosity
 15970 | D        | Killed a quicksilver dragon
 15986 | D        | Reached XP level 18. HP: 138/200 MP: 20/22
 16222 | D        | Noticed an Orb Guardian
 16222 | D        | Noticed an Orb Guardian
 16222 | D        | Reached ****** piety under the Shining One
 16222 | D        | Noticed an Orb Guardian
 16222 | D        | Noticed an Orb Guardian
 16222 | D        | Noticed an Orb Guardian
 16222 | D        | Noticed an Orb Guardian
 16229 | D        | Killed an Orb Guardian
 16237 | D        | Killed an Orb Guardian
 16241 | D        | Killed an Orb Guardian
 16250 | D        | Killed an Orb Guardian
 16258 | D        | Killed an Orb Guardian
 16262 | D        | Killed an Orb Guardian
 16263 | D        | Noticed an Orb Guardian
 16264 | D        | Noticed an Orb Guardian
 16265 | D        | Noticed an Orb Guardian
 16270 | D        | Killed an Orb Guardian
 16277 | D        | Killed an Orb Guardian
 16278 | D        | Reached skill level 10 in Invocations
 16286 | D        | Killed an Orb Guardian
 16287 | D        | Noticed an Orb Guardian
 16294 | D        | Killed an Orb Guardian
 16411 | D        | Noticed an Orb Guardian
 16411 | D        | Noticed an Orb Guardian
 16413 | D        | Noticed an Orb Guardian
 16417 | D        | Killed an Orb Guardian
 16418 | D        | Reached skill level 15 in Evocations
 16418 | D        | Killed an Orb Guardian
 16418 | D        | Noticed an Orb Guardian
 16426 | D        | Killed an Orb Guardian
 16433 | D        | Killed an Orb Guardian
 16434 | D        | Reached skill level 15 in Stealth
 16736 | D        | Noticed an ancient lich
 16745 | D        | Killed an ancient lich
 16755 | D        | Noticed an orb of fire
 16761 | D        | Gained mutation: Your body sometimes deteriorates upon
                  | taking damage. [an orb of fire]
 16762 | D        | Gained mutation: Your spells are a little easier to cast,
                  | but a little less powerful. [an orb of fire]
 16764 | D        | Gained mutation: Potions are less effective at restoring
                  | your health. [an orb of fire]
 16779 | D        | Killed an orb of fire
 16787 | D        | Noticed an electric golem
 16791 | D        | Killed an electric golem
 16890 | D        | Noticed an electric golem
 16890 | D        | Noticed an ancient lich
 16890 | D        | Noticed an ancient lich
 16890 | D        | Noticed a curse toe
 16890 | D        | Noticed an orb of fire
 16890 | D        | Noticed an orb of fire
 16893 | D        | Killed an electric golem
 16894 | D        | Killed an orb of fire
 16894 | D        | Noticed an orb of fire
 16895 | D        | Reached skill level 15 in Invocations
 16895 | D        | Killed an ancient lich
 16895 | D        | Killed a curse toe
 16896 | D        | Killed an orb of fire
 16898 | D        | Killed an ancient lich
 16898 | D        | Noticed a golden dragon
 16899 | D        | Noticed an Orb Guardian
 16900 | D        | Killed an orb of fire
 16903 | D        | Noticed an Orb Guardian
 16910 | D        | Killed a golden dragon
 16917 | D        | Killed an Orb Guardian
 16917 | D        | Noticed an ancient lich
 16921 | D        | Killed an Orb Guardian
 16934 | D        | Killed an ancient lich
 17142 | D        | Noticed an Orb Guardian
 17142 | D        | Noticed an Orb Guardian
 17142 | D        | Noticed an Orb Guardian
 17142 | D        | Noticed an Orb Guardian
 17142 | D        | Noticed an Orb Guardian
 17142 | D        | Noticed an Orb Guardian
 17149 | D        | Killed an Orb Guardian
 17163 | D        | Killed an Orb Guardian
 17169 | D        | Killed an Orb Guardian
 17170 | D        | Reached XP level 19. HP: 192/207 MP: 31/31
 17384 | D        | Noticed an ancient lich
 17384 | D        | Noticed an ancient lich
 17394 | D        | Killed an ancient lich
 17414 | D        | Killed an ancient lich
 17420 | D        | Noticed an ancient lich
 17440 | D        | Killed an ancient lich
 17573 | D        | Identified a +8 double sword of holy wrath (a +6 vorpal
                  | double sword blessed by the Shining One)
 17573 | D        | Received a gift from the Shining One
 17722 | D        | Got an elven rune of Zot
 18383 | D        | Noticed the Royal Jelly
 18387 | D        | Paralysed by a floating eye for 2 turns
 18393 | D        | Killed the Royal Jelly
 18620 | D        | Got a slimy rune of Zot
 18754 | D        | Reached skill level 27 in Invocations
 18757 | D        | HP: 7/207 [sphinx/divine providence (11)]
 19234 | D        | Reached XP level 20. HP: 195/216 MP: 36/36
 19309 | D        | Reached skill level 27 in Evocations
 19972 | D        | Noticed a royal mummy
 19972 | D        | Noticed a royal mummy
 19972 | D        | Noticed a royal mummy
 19977 | D        | Killed a royal mummy
 19985 | D        | Killed a royal mummy
 19998 | D        | Killed a royal mummy
 20239 | D        | Paralysed by Trog for 7 turns
 20337 | D        | Got a golden rune of Zot
 20362 | D        | Reached skill level 27 in Stealth
 20362 | D        | Reached skill level 1 in Spellcasting
 20372 | D        | Got an abyssal rune of Zot
 20670 | D        | Noticed Geryon
 20688 | D        | Killed Geryon
 20691 | D        | Noticed Lom Lobon
 20691 | D        | Noticed Gloorx Vloq
 20691 | D        | Found the +6 sword of Cerebov {flame}
 20691 | D        | Noticed Cerebov
 20701 | D        | Found the +7 sceptre of Asmodeus
 20701 | D        | Noticed Asmodeus
 20713 | D        | Killed by an exploding ball lightning

Illustrated notes

Levels and vault maps discovered:
D:        linesprint [early_d, line_temple, items_1, d_10, items_2, lair_1,
          lair_end, items_3, orc_1, orc_end, items_4, d_15, swamp_1, shoals_1,
          snake_1, spider_1, d_20, vaults_1, items_5, swamp_end, shoals_end,
          snake_end, spider_end, vaults_end, d_27, items_6, zot_1, zot_end,
          crypt_end, forest_end, elf_end, slime_end, tomb_end, abyss_end,
          pan_hell_end]

Skill      XL: |  1  2  3  4  5  6  7  8  9 10 11 12 13 14 15 16 17 18 19 20 |
---------------+-------------------------------------------------------------+-----
Long Blades    | 6 8 13 14 16 18 21 23 25 27 | 27.0
Fighting       | 5 6 11 12 14 15 17 19 22 26 27 | 27.0
Armour         | 3 6 7 9 11 14 17 19 22 27 | 27.0
Dodging        | 3 5 6 7 8 9 10 14 17 24 27 | 27.0
Stealth        | 1 2 3 4 11 19 23 27 | 27.0
Evocations     | 2 4 5 6 7 12 20 26 27 | 27.0
Shields        | 13 27 | 27.0
Throwing       | 4 20 27 | 27.0
Short Blades   | 1 |  1.2
Axes           | 1 |  1.3
Maces & Flails | 1 |  1.3
Polearms       | 1 |  1.3
Staves         | 1 |  1.2
Slings         | 1 6 |  6.9
Bows           | 1 |  1.1
Crossbows      | 1 |  1.1
Unarmed Combat | 1 |  1.1
Invocations    | 6 19 27 | 27.0
Spellcasting   | 1 |  1.1

Action                   |  1- 3 |  4- 6 |  7- 9 | 10-12 | 13-15 | 16-18 | 19-21 || total
-------------------------+-------+-------+-------+-------+-------+-------+-------++-------
Melee: Falchion          |    15 |     2 |       |       |       |       |       ||    17
       Headbutt          |     6 |       |     7 |    65 |   130 |   208 |   198 ||   614
       Scimitar          |       |     8 |    47 |   165 |       |       |       ||   220
       Punch             |       |       |     1 |     4 |       |       |       ||     5
       Great sword       |       |       |       |   107 |   149 |       |       ||   256
       Triple sword      |       |       |       |       |   179 |     2 |       ||   181
       Demon blade       |       |       |       |       |   201 |   360 |       ||   561
       Double sword      |       |       |       |       |       |   262 |   522 ||   784
Throw: Javelin           |       |       |       |       |     9 |    69 |    15 ||    93
Invok: Berserk           |     1 |     1 |     2 |     9 |    12 |     7 |       ||    32
       Brothers in Arms  |       |       |       |     2 |     6 |     1 |       ||     9
       Trog's Hand       |       |       |       |     2 |     2 |       |       ||     4
       Cleansing Flame   |       |       |       |       |       |       |    12 ||    12
       Divine Shield     |       |       |       |       |       |       |     3 ||     3
       Summon Divine War |       |       |       |       |       |       |     3 ||     3
       Brand Weapon With |       |       |       |       |       |       |     1 ||     1
Evoke: Wand              |       |       |       |     5 |     3 |       |       ||     8
       Lightning rod     |       |       |       |       |       |       |     6 ||     6
  Use: Potion            |       |       |     1 |     5 |     7 |     5 |     5 ||    23
       Scroll            |       |       |       |     2 |     3 |    18 |     3 ||    26
 Stab: Sleeping          |     1 |       |       |       |       |       |       ||     1
Armor: Animal skin       |     1 |       |       |       |       |       |       ||     1
       Chain mail        |       |     2 |     5 |    44 |       |       |       ||    51
       Plate armour      |       |       |       |    11 |   282 |    62 |       ||   355
       Gold dragon scale |       |       |       |       |       |    83 |   155 ||   238
Dodge: Dodged            |     8 |     4 |    11 |    75 |   306 |   188 |   149 ||   741
Block: Buckler           |       |       |       |       |    85 |    69 |       ||   154
       Kite shield       |       |       |       |       |     9 |       |       ||     9
       Reflection        |       |       |       |       |     2 |     4 |    10 ||    16
       Tower shield      |       |       |       |       |       |   210 |   615 ||   825

Table legend: (Time is in decaauts) A = Elapsed time spent in this place. B = Non-inter-level travel time spent in this place. C = Inter-level travel time spent in this place. D = Time resting spent in this place. E = Time spent auto-exploring this place. F = Levels seen in this place. G = Mean time per level. A B C D E F G +--------+--------+--------+--------+--------+-----+--------+ Total | 20295 | 18812 | 1483 | 10922 | 1804 | 1 | 20295.0 | Dungeon | 20295 | 18812 | 1483 | 10922 | 1804 | 1 | 20295.0 | +--------+--------+--------+--------+--------+-----+--------+

Top non-repeatable levels by time:
       D: 20295 daAuts
